 Dungeon Crawl Stone Soup version 0.23-a0-408-g9d4b7ed (webtiles) character file.

20349 Ijustatesigmund the Thaumaturge (level 12, -11/91 HPs)
             Began as a Gnoll Wizard on Nov 8, 2018.
             Was a High Priest of Cheibriados.
             Killed from afar by a hell hound (20 damage)
             ... with a blast of flame
             ... on level 1 of the Lair of Beasts.
             The game lasted 00:57:15 (16404 turns).

Ijustatesigmund the Thaumaturge (Gnoll Wizard)     Turns: 16404, Time: 00:57:15

Health: -11/91     AC: 15    Str: 26    XL:     12   Next: 78%
Magic:  33/35      EV: 23    Int: 41    God:    Cheibriados [*****.]
Gold:   344        SH: 10    Dex: 36    Spells: 17/31 levels left

rFire    . . .     SeeInvis +   y - +9 spear "Kyisuz" {pain, +Blink rC+ Str+3}
rCold    . . .     Gourm    .   g - +1 buckler
rNeg     . . .     Faith    .   K - +1 leather armour of Royalty {rF- Int+4 Slay+2}
rPois    .         Spirit   .   a - +0 mask of the Dragon {MR+ Slay+3 SInv}
rElec    .         Reflect  .   N - +2 cloak
rCorr    .         Harm     .   J - +0 pair of gloves "Esch" {rF+ rC- Int+4 Dex+10} (curse)
MR       +....                  b - +1 pair of boots {Stlth+}
Stlth    ++++++....             z - amulet of regeneration
HPRegen  0.65/turn              k - ring of magical power
MPRegen  0.24/turn              x - +5 ring of protection

@: very slightly contaminated, very slow
A: distributed training, fangs 1, deformed body, sturdy frame 1, strong nose
a: Bend Time, Temporal Distortion, Slouch, Step From Time, Renounce Religion,
Evoke Blink


You were on level 1 of the Lair of Beasts.
You worshipped Cheibriados.
Cheibriados was extremely pleased with you.
You were not hungry.

You visited 4 branches of the dungeon, and saw 15 of its levels.
You also visited: Sewer, Ossuary and Bailey.

You collected 1977 gold pieces.
You spent 1633 gold pieces at shops.

Inventory:

Hand Weapons
 h - a +4 falchion of electrocution
 y - the +9 spear "Kyisuz" (weapon) {pain, +Blink rC+ Str+3}
   (You found it on level 5 of the Dungeon)

   In the hands of one skilled in necromantic magic, it inflicts extra damage on
   living creatures.
   It affects your strength (+3).
   It protects you from cold.
   It lets you blink.
 B - the +8 hand axe of Charity {venom, rC+}
   (You found it on level 9 of the Dungeon)

   It poisons the flesh of those it strikes.
   It protects you from cold.
Armour
 a - the +0 mask of the Dragon (worn) {MR+ Slay+3 SInv}
   (You bought it in a shop on level 4 of the Dungeon)

   It affects your accuracy and damage with ranged weapons and melee attacks
   (+3).
   It affects your resistance to hostile enchantments.
   It lets you see invisible.
 b - a +1 pair of boots of stealth (worn)
 g - a +1 buckler (worn)
 q - a +0 leather armour
 D - the +5 chain mail of the Swamp {-Tele rElec rPois rF+, unknown}
   (You found it on level 1 of the Lair of Beasts)

   It protects you from fire.
   It insulates you from electricity.
   It protects you from poison.
   It prevents most forms of teleportation.
 J - the cursed +0 pair of gloves "Esch" (worn) {rF+ rC- Int+4 Dex+10}
   (You bought it in a shop on level 6 of the Dungeon)

   It affects your intelligence (+4).
   It affects your dexterity (+10).
   It protects you from fire.
   It makes you vulnerable to cold.
   It has a curse placed upon it.
 K - the +1 leather armour of Royalty (worn) {rF- Int+4 Slay+2}
   (You bought it in a shop on level 6 of the Dungeon)

   It affects your intelligence (+4).
   It affects your accuracy and damage with ranged weapons and melee attacks
   (+2).
   It makes you vulnerable to fire.
 N - a +2 cloak (worn)
 Q - a +0 troll leather armour
Jewellery
 k - a ring of magical power (left hand)
 o - a +2 ring of evasion
 s - an uncursed ring of poison resistance {unknown}
 x - a +5 ring of protection (right hand)
 z - an amulet of regeneration (around neck)
 H - an uncursed ring of positive energy
 M - an uncursed amulet of magic regeneration
 O - an uncursed ring of magical power
Wands
 r - a wand of scattershot (4)
 F - a wand of iceblast (4)
 L - a wand of paralysis (17)
 P - a wand of polymorph (6)
Scrolls
 p - 2 scrolls of fear
 t - 7 scrolls of identify
 u - 5 scrolls of remove curse
 v - a scroll of immolation
 w - 2 scrolls of fog
 E - a scroll of magic mapping
 I - 2 scrolls of amnesia
Potions
 c - 7 potions of brilliance
 e - 2 potions of might
 f - 5 potions of cancellation
 i - 3 potions of invisibility
 j - 5 potions of curing
 l - 2 potions of flight
 m - a potion of heal wounds
 n - 4 potions of lignification
 A - a potion of ambrosia
 G - 2 potions of resistance
 R - 3 potions of agility
 S - a potion of degeneration {unknown}
Miscellaneous
 C - a box of beasts
Comestibles
 d - 17 rations


   Skills:
 + Level 7.5 Fighting
 + Level 7.5 Short Blades
 + Level 7.5 Long Blades
 + Level 7.5 Axes
 + Level 7.5 Maces & Flails
 + Level 7.5 Polearms
 + Level 7.5 Staves
 + Level 7.5 Slings
 + Level 7.5 Bows
 + Level 7.5 Crossbows
 + Level 7.5 Throwing
 + Level 7.5 Armour
 + Level 8.9 Dodging
 + Level 8.6 Stealth
 + Level 7.5 Shields
 + Level 7.5 Unarmed Combat
 + Level 10.3 Spellcasting
 + Level 6.6 Conjurations
 + Level 6.2 Hexes
 + Level 6.2 Charms
 + Level 6.6 Summonings
 + Level 6.2 Necromancy
 + Level 6.6 Translocations
 + Level 6.2 Transmutations
 + Level 6.2 Fire Magic
 + Level 6.2 Ice Magic
 + Level 6.2 Air Magic
 + Level 6.2 Earth Magic
 + Level 6.2 Poison Magic
 + Level 8.2 Invocations
 + Level 7.5 Evocations


You had 17 spell levels left.
You knew the following spells:

 Your Spells              Type           Power        Failure   Level  Hunger
a - Magic Dart            Conj           ####         1%          1    None
b - Blink                 Tloc           N/A          1%          2    None
c - Mephitic Cloud        Conj/Pois/Air  ######..     1%          3    None
d - Conjure Flame         Conj/Fire      ######..     1%          3    None
e - Yara's Violent Unrav  Hex/Tmut       ######....   3%          5    None

Your spell library contained the following spells:

 Spells                   Type           Power        Failure   Level  Hunger
 Confusing Touch          Hex            ######       1%          1    None
 Summon Small Mammal      Summ           ####         1%          1    None
 Call Imp                 Summ           ######..     1%          2    None
 Slow                     Hex            ######..     1%          2    None
 Call Canine Familiar     Summ           ######..     1%          3    None
 Confuse                  Hex            ######..     1%          3    None
 Gell's Gravitas          Tloc           ######....   1%          3    None
 Summon Guardian Golem    Hex/Summ       ######..     1%          3    None
 Petrify                  Tmut/Erth      ######..     1%          4    None
 Summon Ice Beast         Ice/Summ       ######..     1%          4    None
 Summon Lightning Spire   Summ/Air       ######..     1%          4    None
 Metabolic Englaciation   Hex/Ice        ######....   3%          5    None


Dungeon Overview and Level Annotations

Branches:
Dungeon (11/15)            Temple (1/1) D:6            Lair (1/6) D:11
    Orc (2/2) D:11            Elf (0/3) Orc:2

Altars:
Ashenzari
Cheibriados
Dithmenos
Elyvilon
Fedhas
Gozag
Hepliaklqana
Kikubaaqudgha
Makhleb
Nemelex Xobeh
Okawaru
Qazlal
Ru
Sif Muna
Trog
Uskayaw
Vehumet
Wu Jian
Xom
Yredelemnul
Zin
The Shining One
Beogh

Shops:
D:4 =(([   D:6 :?}[   D:8 (   D:11 *([   Orc:2 *((*


Innate Abilities, Weirdness & Mutations

Your experience applies equally to all skills.
You have very sharp teeth.
Your uncanny sense of smell can sniff out nearby items.
Armour fits poorly on your strangely shaped body.
Your movements are slightly less encumbered by armour. (ER -2)


Message History

The blast of flame misses you. The hell hound misses you.
There is a transporter here.
You enter the transporter and appear at another place.
The fire crab breathes flames at you. The blast of flame engulfs you!
You block the fire crab's attack. The fire crab completely misses you.
The hell hound bites you!
* * * LOW HITPOINT WARNING * * *
The fire crab breathes flames at you. The blast of flame misses you.
Casting: Magic Dart (safe; 1% risk of failure)
Confirm with . or Enter, or press ? or * to list all spells.
You blink.
As you read the scroll of fear, it crumbles to dust.
You assume a fearsome visage.
The hell hound is unaffected.
The fire crab resists with some effort.
The fire crab looks frightened! x2
Okay, then.
You fail to use your ability.
The hell hound breathes flames at you. The blast of flame hits you!
You die...

.....§..#§§§§§#.§§.§§#...
......t.#.[§.§'.#.#§§#...
......t©#b.§§§§...§§§#©..
........#b[§§§§.#.#§§#...
........#§.§.§#.§§§§§#...
......t>#.§§§.#.§§§§.#...
........#..§§.########...
.......h#######..........
........@................
+#.#PP##.................
... #................. .
#.................
..................
#..............†..
..................
#.................
...............


You could see 3 fire crabs and a hell hound.

Vanquished Creatures
  An unseen horror (D:10)
  6 orc knights (Orc:2)
  An ugly thing (D:11)
  2 orc sorcerers
  A centaur zombie (D:10)
  An ice statue (Orc:1)
  A spiny frog (Lair:1)
  A centaur skeleton (D:7)
  4 trolls
  3 polar bears (Lair:1)
  A hornet (D:8)
  Prince Ribbit (D:6)
  A hippogriff (D:11)
  A shadow (D:8)
  2 wyverns
  6 yaks (Lair:1)
  A fire bat (Lair:1)
  A steam dragon (D:11)
  A hungry ghost (D:7)
  8 wargs
  A water moccasin (Lair:1)
  A soldier ant (D:8)
  3 porcupines (D:11)
  41 orc warriors
  2 sky beasts
  2 necrophages
  A black bear (D:9)
  7 ogres
  10 wolves (Lair:1)
  5 centaurs
  3 big kobolds
  6 bullfrogs
  A wyvern skeleton (D:8)
  3 scorpions
  18 killer bees
  6 howler monkeys
  2 electric eels (D:11)
  2 crimson imps
  2 bullfrog zombies
  A quasit (D:11)
  3 jellies
  2 hounds
  10 orc priests
  7 orc wizards
  2 bullfrog skeletons
  Natasha (twice) (D:3)
  12 worker ants
  A big kobold zombie (Ossuary)
  A hound zombie (D:6)
  A hound skeleton (D:9)
  8 mummies (Ossuary)
  Robin (D:3)
  A gnoll (Bailey)
  11 adders
  2 river rats (Sewer)
  3 shadow imps
  An ooze (D:2)
  An adder skeleton (D:7)
  3 worms
  A dart slug (D:1)
  5 leopard geckos
  77 orcs
  5 ball pythons
  5 giant cockroaches
  15 goblins
  7 hobgoblins
  12 jackals
  22 kobolds
  4 quokkas
  5 bats
  5 frilled lizards
  2 gnoll zombies (Ossuary)
  A hobgoblin zombie (Ossuary)
  2 kobold zombies (Ossuary)
  2 orc zombies (Ossuary)
  9 rats
412 creatures vanquished.

Vanquished Creatures (collateral kills)
  A killer bee (D:8)
1 creature vanquished.

Vanquished Creatures (others)
  A plant (D:11)
1 creature vanquished.

Grand Total: 414 creatures vanquished

Notes
Turn   | Place    | Note
-------+----------+-------------------------------------------
     0 | D:1      | Ijustatesigmund the Gnoll Wizard began the quest for the
                  | Orb.
     0 | D:1      | Reached XP level 1. HP: 13/13 MP: 8/8
   392 | D:1      | Reached XP level 2. HP: 19/19 MP: 7/10
   396 | D:1      | Learned a level 2 spell: Blink
  1161 | D:1      | Reached XP level 3. HP: 25/25 MP: 8/11
  1166 | D:1      | Learned a level 3 spell: Mephitic Cloud
  1170 | D:1      | Learned a level 3 spell: Conjure Flame
  1270 | D:2      | Found a sacrificial altar of Ru.
  1981 | D:3      | Reached skill level 1 in Invocations
  2019 | D:3      | Reached skill level 1 in Fighting
  2019 | D:3      | Reached skill level 1 in Short Blades
  2019 | D:3      | Reached skill level 1 in Long Blades
  2019 | D:3      | Reached skill level 1 in Axes
  2019 | D:3      | Reached skill level 1 in Maces & Flails
  2019 | D:3      | Reached skill level 1 in Polearms
  2019 | D:3      | Reached skill level 1 in Staves
  2019 | D:3      | Reached skill level 1 in Slings
  2019 | D:3      | Reached skill level 1 in Bows
  2019 | D:3      | Reached skill level 1 in Crossbows
  2019 | D:3      | Reached skill level 1 in Throwing
  2019 | D:3      | Reached skill level 1 in Armour
  2019 | D:3      | Reached skill level 1 in Shields
  2019 | D:3      | Reached skill level 1 in Unarmed Combat
  2019 | D:3      | Reached skill level 1 in Evocations
  2037 | D:3      | Found a glowing drain.
  2134 | Sewer    | Entered a sewer
  2143 | Sewer    | Reached XP level 4. HP: 32/32 MP: 13/13
  2514 | Sewer    | Noticed a big kobold
  2528 | Sewer    | Killed a big kobold
  2528 | Sewer    | Reached skill level 1 in Hexes
  2528 | Sewer    | Reached skill level 1 in Charms
  2528 | Sewer    | Reached skill level 1 in Necromancy
  2528 | Sewer    | Reached skill level 1 in Transmutations
  2528 | Sewer    | Reached skill level 1 in Fire Magic
  2528 | Sewer    | Reached skill level 1 in Ice Magic
  2528 | Sewer    | Reached skill level 1 in Air Magic
  2528 | Sewer    | Reached skill level 1 in Earth Magic
  2528 | Sewer    | Reached skill level 1 in Poison Magic
  2528 | Sewer    | Reached XP level 5. HP: 20/37 MP: 7/14
  2684 | Sewer    | Found a white marble altar of Elyvilon.
  2928 | D:3      | Noticed Robin
  2935 | D:3      | Killed Robin
  3086 | D:3      | Noticed Natasha
  3094 | D:3      | Killed Natasha
  3136 | D:3      | Found a shimmering altar of Xom.
  3161 | D:3      | Noticed Natasha
  3168 | D:3      | Reached XP level 6. HP: 44/44 MP: 16/16
  3178 | D:3      | Killed Natasha
  3827 | D:4      | Reached skill level 5 in Dodging
  3884 | D:4      | Found Jukk's Weapon Shoppe.
  3921 | D:4      | Found Meckacen's Weapon Emporium.
  3940 | D:4      | Found Fobycu's Antique Armour Boutique.
  4057 | D:4      | Found a blossoming altar of Fedhas.
  4059 | D:4      | Found a bloodstained altar of Trog.
  4152 | D:4      | Found Ustitsan's Jewellery Emporium.
  4157 | D:4      | Bought a +2 ring of evasion for 110 gold pieces
  4311 | D:5      | Entered Level 5 of the Dungeon
  4377 | D:5      | Found a sand-covered staircase.
  4385 | Ossuary  | Entered an ossuary
  4497 | Ossuary  | Reached XP level 7. HP: 35/50 MP: 18/18
  5311 | D:5      | Identified a scroll of acquirement
  5462 | D:5      | Found an iron altar of Okawaru.
  5468 | D:5      | Got an iridescent spear
  5478 | D:5      | Identified the +9 spear "Kyisuz" {pain, +Blink rC+ Str+3}
                  | (You found it on level 5 of the Dungeon)
  5534 | D:5      | Noticed a troll
  5545 | D:5      | Killed a troll
  5545 | D:5      | Reached skill level 5 in Stealth
  5545 | D:5      | Reached XP level 8. HP: 26/57 MP: 19/19
  6073 | D:6      | Noticed Prince Ribbit
  6089 | D:6      | Found Zuugacej's Book Shop.
  6092 | D:6      | Killed Prince Ribbit
  6354 | D:6      | Found Aczas's Magic Scroll Boutique.
  6360 | D:6      | Bought a scroll of identify for 26 gold pieces
  6431 | D:6      | Gained mutation: Armour fits poorly on your strangely
                  | shaped body. [potion of mutation]
  6431 | D:6      | Gained mutation: You are dopey. (Int -2) [potion of
                  | mutation]
  6431 | D:6      | Gained mutation: Your movements are slightly less
                  | encumbered by armour. (ER -2) [potion of mutation]
  6431 | D:6      | Lost mutation: You are dopey. (Int -2) [potion of mutation]
  6495 | D:6      | Found Xore's Gadget Emporium.
  6563 | D:6      | You fall through a shaft for 3 floors!
  6603 | D:9      | Noticed a wyvern
  6618 | D:9      | Reached skill level 8 in Spellcasting
  6622 | D:9      | Found a flagged portal.
  6632 | D:9      | Got a bloodstained hand axe
  6635 | Bailey   | Entered a bailey
  6873 | Bailey   | Reached XP level 9. HP: 65/65 MP: 20/21
  6949 | Bailey   | Found an iron altar of Okawaru.
  7262 | D:8      | Noticed a hornet
  7531 | D:8      | Killed a hornet
  7898 | D:8      | Found Bucuefopp's Antique Weapon Shoppe.
  8083 | D:7      | Reached skill level 5 in Invocations
  8136 | D:7      | Reached XP level 10. HP: 73/73 MP: 22/22
  8193 | D:6      | Found a staircase to the Ecumenical Temple.
  8281 | D:6      | Found a shadowy altar of Dithmenos.
  8480 | D:6      | Found Utageong's Weapon Shoppe.
  8485 | D:6      | Found Mezo's Antique Armour Shoppe.
  8493 | D:6      | Bought a pair of pitted gloves for 237 gold pieces
  8498 | D:6      | Identified the cursed +0 pair of gloves "Esch" {rF+ rC-
                  | Int+4 Dex+10} (You bought it in a shop on level 6 of the
                  | Dungeon)
  8498 | D:6      | Bought an encrusted leather armour for 175 gold pieces
  8508 | D:6      | Identified the +1 leather armour of Royalty {rF- Int+4
                  | Slay+2} (You bought it in a shop on level 6 of the Dungeon)
  8707 | D:7      | Found a stormy altar of Qazlal.
  9010 | D:7      | Reached skill level 5 in Fighting
  9010 | D:7      | Reached skill level 5 in Short Blades
  9010 | D:7      | Reached skill level 5 in Long Blades
  9010 | D:7      | Reached skill level 5 in Axes
  9010 | D:7      | Reached skill level 5 in Maces & Flails
  9010 | D:7      | Reached skill level 5 in Polearms
  9010 | D:7      | Reached skill level 5 in Staves
  9010 | D:7      | Reached skill level 5 in Slings
  9010 | D:7      | Reached skill level 5 in Bows
  9010 | D:7      | Reached skill level 5 in Crossbows
  9010 | D:7      | Reached skill level 5 in Throwing
  9010 | D:7      | Reached skill level 5 in Armour
  9010 | D:7      | Reached skill level 5 in Shields
  9010 | D:7      | Reached skill level 5 in Unarmed Combat
  9010 | D:7      | Reached skill level 5 in Evocations
  9206 | D:8      | Found a white marble altar of Elyvilon.
  9426 | D:8      | Reached skill level 9 in Spellcasting
  9485 | D:8      | Found an opulent altar of Gozag.
  9485 | D:8      | Found an iron altar of Okawaru.
  9750 | Temple   | Entered the Ecumenical Temple
  9799 | Temple   | Became a worshipper of Cheibriados the Contemplative
 10045 | D:9      | Found a deep blue altar of Sif Muna.
 10055 | D:9      | Identified the +8 hand axe of Charity {venom, rC+} (You
                  | found it on level 9 of the Dungeon)
 10451 | D:9      | Reached skill level 5 in Conjurations
 10451 | D:9      | Reached skill level 5 in Summonings
 10451 | D:9      | Reached skill level 5 in Translocations
 10635 | D:10     | Entered Level 10 of the Dungeon
 10900 | D:10     | Killed an unseen horror
 11107 | D:10     | Reached XP level 11. HP: 81/81 MP: 24/24
 11254 | D:10     | Reached * piety under Cheibriados
 11884 | D:11     | Found Xitug's Assorted Antiques.
 11890 | D:11     | Bought a fuming red potion for 20 gold pieces
 11951 | D:11     | Reached ** piety under Cheibriados
 11980 | D:11     | Noticed a white ugly thing
 11991 | D:11     | Killed a white ugly thing
 11991 | D:11     | Reached skill level 5 in Hexes
 11991 | D:11     | Reached skill level 5 in Charms
 11991 | D:11     | Reached skill level 5 in Necromancy
 11991 | D:11     | Reached skill level 5 in Transmutations
 11991 | D:11     | Reached skill level 5 in Fire Magic
 11991 | D:11     | Reached skill level 5 in Ice Magic
 11991 | D:11     | Reached skill level 5 in Air Magic
 11991 | D:11     | Reached skill level 5 in Earth Magic
 11991 | D:11     | Reached skill level 5 in Poison Magic
 12017 | D:11     | Found Jairaroo's Weapon Shoppe.
 12019 | D:11     | Found a staircase to the Orcish Mines.
 12021 | D:11     | Found Arecs's Armour Shoppe.
 12041 | Orc:1    | Entered Level 1 of the Orcish Mines
 12419 | Orc:1    | Found a roughly hewn altar of Beogh.
 12758 | Orc:2    | Entered Level 2 of the Orcish Mines
 12758 | Orc:2    | Found a roughly hewn altar of Beogh.
 12991 | Orc:2    | Found a staircase to the Elven Halls.
 13000 | Orc:2    | Noticed an orc sorcerer
 13002 | Orc:2    | Reached *** piety under Cheibriados
 13021 | Orc:2    | Killed an orc sorcerer
 13065 | Orc:2    | Noticed an orc knight
 13088 | Orc:2    | Killed an orc knight
 13118 | Orc:2    | Noticed an orc knight
 13204 | Orc:2    | Killed an orc knight
 13238 | Orc:2    | Noticed an orc knight
 13255 | Orc:2    | Killed an orc knight
 13339 | Orc:2    | Noticed an orc knight
 13343 | Orc:2    | Reached **** piety under Cheibriados
 13348 | Orc:2    | Noticed an orc knight
 13744 | Orc:2    | Noticed an orc sorcerer
 13757 | Orc:1    | Killed an orc sorcerer
 13939 | Orc:2    | Reached XP level 12. HP: 89/89 MP: 25/25
 14295 | Orc:2    | Reached skill level 10 in Spellcasting
 14620 | Orc:2    | HP: 3/91 [orc knight/+3 halberd (23)]
 14835 | Orc:2    | Found Naaronymm's General Store.
 14835 | Orc:2    | Found Fekoil's Weapon Shoppe.
 15046 | Orc:2    | Found a roughly hewn altar of Beogh.
 15100 | Orc:2    | Found Xixecox's Antique Weapon Shop.
 15100 | Orc:2    | Found Morhugec's Assorted Antiques.
 15114 | Orc:2    | Bought a scroll labeled PEGGIEL QUSMI for 30 gold pieces
 15466 | D:4      | Bought the +0 mask of the Dragon {MR+ Slay+3 SInv} for 1035
                  | gold pieces
 15466 | D:4      | Found the +0 mask of the Dragon {MR+ Slay+3 SInv}
 15699 | D:11     | Found a staircase to the Lair.
 15888 | D:11     | Got a brightly glowing chain mail
 16061 | D:11     | Identified the +1 chain mail of Feasting {-Tele +Inv rC+}
                  | (You acquired it on level 11 of the Dungeon)
 16078 | D:11     | Learned a level 5 spell: Yara's Violent Unravelling
 16105 | Lair:1   | Entered Level 1 of the Lair of Beasts
 16245 | Lair:1   | Reached ***** piety under Cheibriados
 16321 | Lair:1   | Found a transporter.
 16392 | Lair:1   | Found a transporter.
 16397 | Lair:1   | Got a smelly chain mail
 16404 | Lair:1   | Killed from afar by a hell hound

Vault maps used:
D:1:      shiori_arrival_oz
D:2:      nicolae_ru_awakened_eye
D:3:      tgw_xom, first_ration, portal_sewer_entry_b, uniq_robin, uniq_natasha
D:4:      grunt_temple_overflow_open, serial_shops, nicolae_shop_stone,
          shop_statue, nicolae_shop_behind_doors, shop
D:5:      chequers_ossuary_entry_cave, okawaru_ov_weapons_minmay
D:6:      minmay_temple_entry_grid, serial_shops, shop, nicolae_shop_stone,
          shop, shop, nicolae_shop_stone, grunt_dithmenos_smoke_and_mirrors,
          uniq_prince_ribbit1
D:7:      grunt_qazlal_sundering
D:8:      lemuel_doored_altar, chequers_temple_overflow_statue_of_worship,
          serial_shops, shop, hangedman_pestilent_swarm, eino_jars
D:9:      led_sif_book, enter_bailey_2
D:10:     kennysheep_generic_room_4
D:11:     grunt_lair_entry_orc_guard_hut, orc_david_3, serial_shops,
          kennysheep_little_box, minivault_14
Temple:   cyrus_circular_temple
Lair:1:   gammafunk_cloud_chamber, cheibrodos_lair_lostbears
Orc:1:    nicolae_orc_stony_grotto, lemuel_statue_altar
Orc:2:    st_orc_town, basic_altar, nicolae_orc_tapped_out
Sewer:    sewer_kobolds
Ossuary:  ossuary_tomb_3
Bailey:   bailey_axe_3, bailey

Skill      XL: |  1  2  3  4  5  6  7  8  9 10 11 12 |
---------------+-------------------------------------+-----
Conjurations   | 2 3 4 5 6 |  6.6
Summonings     | 2 3 4 5 6 |  6.6
Translocations | 2 3 4 5 6 |  6.6
Invocations    | 1 2 3 4 5 6 7 8 |  8.2
Fighting       | 1 2 3 4 5 6 7 |  7.5
Short Blades   | 1 2 3 4 5 6 7 |  7.5
Long Blades    | 1 2 3 4 5 6 7 |  7.5
Axes           | 1 2 3 4 5 6 7 |  7.5
Maces & Flails | 1 2 3 4 5 6 7 |  7.5
Polearms       | 1 2 3 4 5 6 7 |  7.5
Staves         | 1 2 3 4 5 6 7 |  7.5
Slings         | 1 2 3 4 5 6 7 |  7.5
Bows           | 1 2 3 4 5 6 7 |  7.5
Crossbows      | 1 2 3 4 5 6 7 |  7.5
Throwing       | 1 2 3 4 5 6 7 |  7.5
Armour         | 1 2 3 4 5 6 7 |  7.5
Shields        | 1 2 3 4 5 6 7 |  7.5
Unarmed Combat | 1 2 3 4 5 6 7 |  7.5
Evocations     | 1 2 3 4 5 6 7 |  7.5
Hexes          | 1 2 3 4 5 6 |  6.2
Charms         | 1 2 3 4 5 6 |  6.2
Necromancy     | 1 2 3 4 5 6 |  6.2
Transmutations | 1 2 3 4 5 6 |  6.2
Fire Magic     | 1 2 3 4 5 6 |  6.2
Ice Magic      | 1 2 3 4 5 6 |  6.2
Air Magic      | 1 2 3 4 5 6 |  6.2
Earth Magic    | 1 2 3 4 5 6 |  6.2
Poison Magic   | 1 2 3 4 5 6 |  6.2
Dodging        | 5 6 7 8 |  8.9
Stealth        | 5 6 7 8 |  8.6
Spellcasting   | 8 9 10 | 10.3

Action                   |  1- 3 |  4- 6 |  7- 9 | 10-12 || total
-------------------------+-------+-------+-------+-------++-------
Melee: Hand axe          |       |     6 |       |       ||     6
       Falchion          |       |     7 |    10 |       ||    17
       Bite              |       |     2 |     9 |   109 ||   120
       Spear             |       |       |   150 |   711 ||   861
 Cast: Magic Dart        |    84 |   206 |   154 |   263 ||   707
       Mephitic Cloud    |       |       |    13 |    27 ||    40
       Blink             |       |       |     3 |    12 ||    15
Invok: Slouch            |       |       |       |     1 ||     1
 Abil: Evoke Invisibilit |       |       |     1 |       ||     1
Evoke: Wand              |       |       |       |     2 ||     2
  Use: Scroll            |     7 |     7 |    10 |     8 ||    32
       Potion            |       |     1 |     1 |     4 ||     6
 Stab: Sleeping          |       |       |     3 |    23 ||    26
       Confused          |       |       |     3 |    32 ||    35
       Fleeing           |       |       |     1 |       ||     1
       Distracted        |       |       |       |     5 ||     5
  Eat: Chunk             |     3 |     4 |     3 |     7 ||    17
       Ration            |       |     1 |     3 |     4 ||     8
Armor: Robe              |     2 |       |       |       ||     2
       Leather armour    |       |     6 |    43 |    70 ||   119
Dodge: Dodged            |     9 |    55 |   103 |   345 ||   512
Block: Buckler           |       |     1 |    54 |   185 ||   240
       Rpst.: Falchion   |       |     3 |     2 |       ||     5

Table legend:
 A = Non-vault XP
 B = Vault XP
 C = Vault XP percentage of total XP
 D = Non-vault monster count
 E = Vault monster count
 F = Vault count percentage of total count
                 A         B        C        D         E       F
            +---------+---------+-------+---------+---------+-------
      Total |   16570 |   12500 |  43.0 |     266 |     147 |  35.6
            +---------+---------+-------+---------+---------+-------
        D:1 |      30 |       4 |  11.8 |      16 |       2 |  11.1
        D:2 |      18 |       0 |   0.0 |       8 |       0 |   0.0
        D:3 |      93 |      74 |  44.3 |      18 |      17 |  48.6
        D:4 |     212 |       0 |   0.0 |      15 |       0 |   0.0
        D:5 |     551 |       0 |   0.0 |      11 |       0 |   0.0
        D:6 |     428 |     264 |  38.2 |       8 |       1 |  11.1
        D:7 |    1507 |       0 |   0.0 |      20 |       0 |   0.0
        D:8 |    1311 |     935 |  41.6 |      26 |      11 |  29.7
        D:9 |    1220 |      84 |   6.4 |      22 |       3 |  12.0
       D:10 |    2289 |      11 |   0.5 |      14 |       1 |   6.7
       D:11 |    2520 |     943 |  27.2 |      46 |      11 |  19.3
     Lair:1 |    2941 |    1031 |  26.0 |      18 |       4 |  18.2
      Orc:1 |    1476 |     409 |  21.7 |      17 |       1 |   5.6
      Orc:2 |    1974 |    7998 |  80.2 |      27 |      52 |  65.8
      Sewer |       0 |     139 | 100.0 |       0 |      12 | 100.0
    Ossuary |       0 |     178 | 100.0 |       0 |      16 | 100.0
     Bailey |       0 |     430 | 100.0 |       0 |      16 | 100.0
            +---------+---------+-------+---------+---------+-------
